AoeStats
← MZTK | GaboxNet .i.

Arabia

503858036Analyzed
1v1 RM · 1mo ago on Sep 2, 2026· 38m 28s· 2 players
Game mode
Random Map
Map size
Tiny (2 player)
Population
200
Speed
Normal
Resources
Standard
Victory
Conquest
Starting age
Dark Age
Ending age
Imperial Age
RankedLock teamsTeams togetherTeam positionsShared explorationLock speedFull tech treeHidden civsTurbo modeCheats
Victory
Defeat
🇲🇽 Malians · Mexico
1174
+16
🇺🇸 Ethiopians · United States
1169
-16
flajj
8:57 Loom
11:54 Feudal Age
13:00 Double-Bit Axe
30:06 Castle Age
MZTK | GaboxNet .i.
7:56 Loom
10:29 Feudal Age
10:41 Man-at-Arms
16:53 Double-Bit Axe
20:49 Scale Mail Armor
21:44 Arson
23:27 Padded Archer Armor
27:33 Castle Age
28:50 Chain Mail Armor
28:48 Bloodlines
30:04 Scale Barding Armor
31:54 Forging
38:32 Bow Saw
39:12 Chain Barding Armor
Connection lost

Rejoining the realm…

Still unreachable

The connection could not be restored.

Session expired

The server has moved on; the page needs a fresh start.